 Dungeon Crawl Stone Soup version 0.19.5 (webtiles) character file.

112 Zhenya24pyc the Cudgeler (level 4, -2/28 HPs)
             Began as a Gargoyle Fighter on May 4, 2017.
             Slain by Zhenya24pyc's ghost (7 damage)
             ... on level 4 of the Dungeon.
             The game lasted 00:02:33 (2326 turns).

Zhenya24pyc the Cudgeler (Gargoyle Fighter)         Turns: 2326, Time: 00:02:34

Health: -2/28      AC: 11    Str: 20    XL:     4   Next: 93%
Magic:  4/4        EV:  7    Int:  9    God:
Gold:   128        SH:  8    Dex:  9    Spells: 0 memorised, 3 levels left

rFire  . . .     SeeInvis .     a - +0 flail
rCold  . . .     Gourm    .     b - +0 scale mail
rNeg   + + .     Faith    .     c - +0 shield
rPois  ∞         Spirit   .     l - +0 helmet
rElec  +         Reflect  .     (no cloak)
rCorr  .         Harm     .     (no gloves)
MR     .....                    (no boots)
Stlth  ..........               (no amulet)
                                (no ring)
                                s - ring of positive energy

@: drained
A: negative energy resistance 1, electricity resistance, unbreathing,
petrification resistance, rot immunity, AC +3
a: no special abilities


You were on level 4 of the Dungeon.
You were not hungry.

You visited 1 branch of the dungeon, and saw 4 of its levels.

You collected 128 gold pieces.

Inventory:

Hand Weapons
 a - a +0 flail (weapon)
Armour
 b - a +0 scale mail (worn)
 c - a +0 shield (worn)
 l - a +0 helmet (worn)
Jewellery
 s - a ring of positive energy (left hand)
Wands
 t - a wand of lightning (10/15)
Scrolls
 h - a scroll of teleportation {unknown}
 i - a scroll of fog {unknown}
 k - 6 scrolls of identify {unknown}
 n - 3 scrolls of amnesia {unknown}
 q - a scroll of enchant armour {unknown}
 r - 2 scrolls of remove curse {unknown}
 y - a scroll of enchant weapon {unknown}
Potions
 d - 4 potions of might
 e - a potion of agility {unknown}
 j - a potion of heal wounds {unknown}
 m - a potion of degeneration {unknown}
 o - 2 potions of cure mutation {unknown}
 p - a potion of ambrosia {unknown}
 u - a potion of flight {unknown}
 v - a potion of mutation {unknown}
 w - a potion of magic {unknown}
 x - a potion of resistance {unknown}
Comestibles
 f - 2 bread rations
 g - 2 meat rations


   Skills:
 - Level 3.2(2.5) Fighting
 * Level 4.9(4.1) Maces & Flails
 - Level 3.2(2.5) Armour
 - Level 3.2(2.5) Shields


You had 3 spell levels left.
You didn't know any spells.

Dungeon Overview and Level Annotations

Branches:
Dungeon (4/15)
 Temple: D:4-7

Altars:

Annotations:
D:4 Zhenya24pyc's ghost, amateur GrFi


Innate Abilities, Weirdness & Mutations

You are resistant to torment.
Your stone body is resilient. (AC +3)
You are immune to poison.
You resist negative energy. (rN+)
You are resistant to electric shocks. (rElec)
You can survive without breathing.
You are immune to petrification.
You are immune to rotting.


Message History

Zhenya24pyc's ghost is severely damaged.
The adder barely misses you.
Zhenya24pyc's ghost hits you but does no damage.
The adder bites you but does no damage.
You sock Zhenya24pyc's ghost!
Zhenya24pyc's ghost is almost destroyed.
Zhenya24pyc's ghost hits you but does no damage.
The adder bites you but does no damage.
You hit Zhenya24pyc's ghost.
Zhenya24pyc's ghost is almost destroyed.
The adder barely misses you. Zhenya24pyc's ghost hits you. The adder bites you.
Zhenya24pyc's ghost hits you.
You barely miss Zhenya24pyc's ghost.
Zhenya24pyc's ghost is almost destroyed.
The adder bites you but does no damage. Zhenya24pyc's ghost hits you.
* * * LOW HITPOINT WARNING * * *
You hit Zhenya24pyc's ghost but do no damage.
Zhenya24pyc's ghost is almost destroyed.
You block the adder's attack. Zhenya24pyc's ghost hits you!
You die...

#............#.
.....[.........<
#..............#
...)...........#
#.#............
##.#..........# #
............##.#
##.. #$..S.....#
#... #....@W...#
#...###.........#
#...÷...........#
#......###.........#
#.##... #..####.###
#... #..## .#
#####..## .# #.# ##
..


You could see Zhenya24pyc's ghost and an adder.

Vanquished Creatures
  An iguana (D:4)
  3 adders
  A gnoll (D:1)
  A dart slug (D:1)
  4 leopard geckos
  7 bats
  3 giant cockroaches
  4 goblins
  8 hobgoblins
  4 kobolds
  3 frilled lizards (D:1)
  3 rats
42 creatures vanquished.

Notes
Turn   | Place    | Note
-------+----------+-------------------------------------------
     0 | D:1      | Zhenya24pyc the Gargoyle Fighter began the quest for the Orb.
     0 | D:1      | Reached XP level 1. HP: 14/14 MP: 1/1
   301 | D:1      | Reached XP level 2. HP: 18/19 MP: 2/2
   551 | D:1      | Reached skill level 3 in Maces & Flails
   883 | D:1      | Reached XP level 3. HP: 23/23 MP: 3/3
  1367 | D:2      | Reached skill level 4 in Maces & Flails
  1609 | D:3      | Reached XP level 4. HP: 28/28 MP: 4/4
  2018 | D:4      | Noticed Zhenya24pyc's ghost (amateur GrFi)
  2326 | D:4      | Slain by Zhenya24pyc's ghost

Skill      XL: |  1  2  3 |
---------------+----------+-----
Maces & Flails | 3 4 |  4.9
Fighting       | |  3.2
Armour         | |  3.2
Shields        | |  3.2

Action                   |  1- 3 |  4- 6 || total
-------------------------+-------+-------++-------
Melee: Flail             |   143 |    48 ||   191
  Eat: Chunk             |     1 |     4 ||     5
Armor: Scale mail        |    96 |    32 ||   128
Dodge: Dodged            |    53 |    18 ||    71
Block: Shield            |    79 |    23 ||   102
